 Dungeon Crawl Stone Soup version 0.27.1-1-g398f81649c (webtiles) character file.

Game seed: 1979794760288103992

92 bnorton916 the Gusty (level 4, -2/24 HPs)
             Began as a Tengu Air Elementalist on Sept 12, 2021.
             Slain by a worm (8 damage)
             ... on level 3 of the Dungeon.
             The game lasted 00:04:48 (3999 turns).

bnorton916 the Gusty (Tengu Air Elementalist)       Turns: 3999, Time: 00:04:49

Health: -2/24      AC:  2    Str:  8    XL:     4   Next: 60%
Magic:  3/9        EV: 12    Int: 16    God:
Gold:   95         SH:  0    Dex: 15    Spells: 2/8 levels left

rFire    . . .     SeeInvis .   (no weapon)
rCold    . . .     Faith    .   (no shield)
rNeg     . . .     Spirit   .   a - +0 robe
rPois    .         Reflect  .   (helmet restricted)
rElec    .         Harm     .   (no cloak)
rCorr    .         Rampage  .   (no gloves)
Will     .....                  (boots unavailable)
Stlth    ++........             (no amulet)
HPRegen  0.08/turn              (no ring)
MPRegen  0.11/turn              (no ring)

@: no status effects
A: beak, talons 3
a: no special abilities


You were on level 3 of the Dungeon.
You visited 1 branch of the dungeon, and saw 3 of its levels.

You collected 95 gold pieces.

Inventory:

Hand Weapons
 g - a +0 dagger
Armour
 a - a +0 robe (worn)
Scrolls
 d - a scroll of enchant armour {unknown}
 f - a scroll of identify {unknown}
 i - a scroll of torment {unknown}
 j - a scroll of vulnerability {unknown}
 k - a scroll of brand weapon {unknown}
Potions
 b - a potion of cancellation {unknown}
 c - 2 potions of attraction {unknown}
 e - 2 potions of might {unknown}
 h - a potion of mutation {unknown}
 l - a potion of degeneration {unknown}


   Skills:
 - Level 2.1 Dodging
 - Level 2.0 Stealth
 + Level 2.9 Spellcasting
 + Level 3.4 Conjurations
 + Level 5.1 Air Magic


You had 2 spell levels left.
You knew the following spells:

 Your Spells              Type           Power      Damage    Failure   Level
a - Shock                 Conj/Air       64%        1d7       3%          1
b - Static Discharge      Conj/Air       16%        N/A       4%          2
c - Swiftness             Air            18%        N/A       7%          3

Your spell library contained the following spells:

 Spells                   Type           Power      Damage    Failure   Level
 Magic Dart               Conj           52%        1d5       4%          1
 Beastly Appendage        Tmut           4%         N/A       19%         1
 Call Imp                 Summ           2%         N/A       28%         2
 Wereblood                Tmut           2%         N/A       28%         2
 Mephitic Cloud           Conj/Pois/Air  11%        N/A       17%         3
 Airstrike                Air            9%         N/A       22%         4
 Ignite Poison            Fire/Tmut/Pois 2%         N/A       50%         3
 Spider Form              Tmut/Pois      1%         N/A       50%         3
 Bolt of Magma            Conj/Fire/Erth 3%         4d5       97%         5


Dungeon Overview and Level Annotations

Branches:
Dungeon (3/15)

Altars:
Qazlal
Sif Muna
Trog


Innate Abilities, Weirdness & Mutations

You have a beak for a mouth.
You have claws for feet.


Message History

a rat skeleton; a rat skeleton The moth of wrath's fur bristles in rage as it notices you.
Casting: Shock (safe; 3% risk of failure)
Confirm with . or Enter, or press ? or * to list all spells.
Aiming: Shock (safe; 3% risk of failure)
Press: ? - help, Shift-Dir - straight line, f - worm
Aim: a worm (90% to hit)
The zap hits the worm.
The worm is lightly wounded.
The moth of wrath goads the worm on!
The worm goes berserk!
Casting: Shock (safe; 3% risk of failure)
Confirm with . or Enter, or press ? or * to list all spells.
Aiming: Shock (safe; 3% risk of failure)
Press: ? - help, Shift-Dir - straight line, f/p - worm
Aim: a worm (lightly wounded, berserk, 90% to hit)
The zap misses the worm.
Casting: Shock (safe; 3% risk of failure)
Confirm with . or Enter, or press ? or * to list all spells.
Aiming: Shock (safe; 3% risk of failure)
Press: ? - help, Shift-Dir - straight line, f/p - worm
Aim: a worm (lightly wounded, berserk, 90% to hit)
The zap misses the worm.
Casting: Shock (safe; 3% risk of failure)
Confirm with . or Enter, or press ? or * to list all spells.
Aiming: Shock (safe; 3% risk of failure)
Press: ? - help, Shift-Dir - straight line, f/p - worm
Aim: a worm (lightly wounded, berserk, 90% to hit)
The zap hits the worm!
The worm is moderately wounded.
The worm bites you!
Ouch! That really hurt!
* * * LOW HITPOINT WARNING * * *
Casting: Shock (safe; 3% risk of failure)
Confirm with . or Enter, or press ? or * to list all spells.
The worm is struck by an arc of lightning.
The worm is heavily wounded.
You are struck by an arc of lightning.
* * * LOW HITPOINT WARNING * * *
The lightning grounds out.
The worm bites you!
You die...

###############
#.............######
#.######.....##....### ## #.#
#...#####.......## .#
##.####...####........)#
.###...#.......##....#....##
...........)...##w..###....#
####..[#.....รท..@...#y#.ww)#
....#>####...####...###..))#
###.#.####...# #....#.w..#
#.#........# #.........#
#.#.#####.## ##.......##
#.#.#####.#######....###
#.#.>..........)######
#.........########
###...............


You could see a moth of wrath and 2 worms.

Vanquished Creatures
  An adder (D:2)
  A worm (D:2)
  3 dart slugs
  An orc (D:3)
  5 ball pythons
  5 bats
  8 endoplasms
  5 giant cockroaches
  4 goblins
  8 hobgoblins
  4 jackals
  3 quokkas
  2 frilled lizards (D:1)
  5 kobolds
  12 rats
67 creatures vanquished.

Notes
Turn   | Place    | Note
-------+----------+-------------------------------------------
     0 | D:1      | bnorton916 the Tengu Air Elementalist began the quest for
                  | the Orb.
     0 | D:1      | Reached XP level 1. HP: 10/10 MP: 4/4
   368 | D:1      | Reached XP level 2. HP: 15/15 MP: 0/6
  1029 | D:1      | Reached XP level 3. HP: 19/19 MP: 3/7
  1161 | D:1      | Found a faded altar of an unknown god.
  1183 | D:1      | Learned a level 2 spell: Static Discharge
  2202 | D:1      | Reached XP level 4. HP: 13/24 MP: 0/9
  2363 | D:2      | Learned a level 3 spell: Swiftness
  2669 | D:2      | Found a shimmering blue altar of Sif Muna.
  2731 | D:2      | Reached skill level 5 in Air Magic
  3257 | D:3      | Found a stormy altar of Qazlal.
  3734 | D:3      | Noticed a moth of wrath
  3737 | D:3      | Found a bloodstained altar of Trog.
  3999 | D:3      | Slain by a worm

Illustrated notes

Levels and vault maps discovered:
D:1:      dpeg_arrival_tiny_a, layout_loops_ring,
          hellmonk_ecumenical_altar_zigzags
D:2:      layout_basic, basic_altar, st_stairs_9
D:3:      layout_loops_ring, tgw_trog, nicolae_overflow_crystal_walls

Skill      XL: |  1  2  3  4 |
---------------+-------------+-----
Conjurations   | 2 3 |  3.4
Air Magic      | 5 |  5.1
Dodging        | |  2.1
Stealth        | |  2.0
Spellcasting   | |  2.9

Action                   |  1- 3 |  4- 6 || total
-------------------------+-------+-------++-------
 Cast: Shock             |    97 |    53 ||   150
       Static Discharge  |     4 |     1 ||     5
Armor: Robe              |     5 |       ||     5
Dodge: Dodged            |    22 |     1 ||    23
